Gangsters vs River Rats
Created - 30 décembre 2012 at 22:32
Goals
|
| Gangsters |
3 |
1 |
3 |
7 |
| River Rats |
1 |
1 |
1 |
3 |
|
Shots
|
| Gangsters |
12 |
3 |
12 |
27 |
| River Rats |
17 |
16 |
6 |
39 |
|
1st period
1. Gangsters , Patric Hornqvist 21 (Dave Steckel, Jaroslav Balastik) at 5:45
2. Gangsters , Ryan Keller 5 (Patric Hornqvist) at 6:21 (SH)
3. River Rats , Dustin Boyd 10 (Chris Mcallister, Sergei Shirokov) at 13:24
4. Gangsters , Tim Jackman 6 (Artem Anisimov, Ville Koistinen) at 16:39
Penalties :
Dave Steckel (Bro) for High sticking (Minor) at 0:05, Jaroslav Balastik (Bro) for Slashing (Minor) at 6:00, Artem Anisimov (Bro) for Slashing (Minor) at 14:05
2nd period
5. Gangsters , Ryan Keller 6 (James Van Riemsdyk, Chris Bourque) at 0:58
6. River Rats , Tyler Bozak 5 (Bryan Rodney) at 4:53
Penalties :
Jim Vandermeer (Bro) for High sticking (Minor) at 5:27, James Van Riemsdyk (Bro) for Goalie Interference (Minor) at 13:59
3rd period
7. Gangsters , Tim Jackman 7 (Igor Radulov, Byron Ritchie) at 8:37
8. River Rats , Trent Hunter 3 (Peter Mueller, Brett Maclean) at 12:33
9. Gangsters , Patric Hornqvist 22 (Jaroslav Balastik, Ville Koistinen) at 17:11
10. Gangsters , Matt Read 2 (Chris Bourque) at 19:30
Penalties :
Jim Vandermeer (Bro) for Tripping (Minor) at 1:27, Alexei Emelin (Bro) for Hooking (Minor) at 12:34
Goalie Stats
Steve Valiquette (Bro), 36 saves from 39 shots - (0,923), W, 8-7-1, 60:00 minutes
Allen York (Alb), 11 saves from 14 shots - (0,786), 39:02 minutes
Jeff Glass (Alb), 9 saves from 13 shots - (0,692), L, 4-11-2, 20:58 minutes
Players Stats for Gangsters
Player Name G A P +/- PIM S H SB GA TA FO MP PP MP PK MP
------------------------------------------------------------------------------------
Alexei Emelin 0 0 0 -1 2 2 4 1 0 2 0/0 26:29 0:00 7:05
Artem Anisimov 0 1 1 0 2 0 1 0 0 0 4/7 12:04 0:00 0:00
Brandon Sutter 0 0 0 1 0 0 0 0 0 0 1/3 7:01 0:00 0:20
Bryan Young 0 0 0 1 0 0 0 1 0 0 0/0 14:39 0:00 2:49
Byron Ritchie 0 1 1 2 0 0 2 0 1 0 5/9 17:14 0:00 4:33
Chris Bourque 0 2 2 0 0 2 4 0 1 0 0/0 12:19 0:00 0:18
Dave Steckel 0 1 1 0 2 1 1 0 0 0 14/29 18:07 0:00 3:41
Igor Radulov 0 1 1 2 0 2 1 0 0 0 0/1 12:39 0:00 0:00
James Van Riemsdyk 0 1 1 1 2 1 4 0 0 0 0/0 8:08 0:00 1:09
Jaroslav Balastik 0 2 2 0 2 1 1 2 2 0 1/3 21:12 0:00 6:34
Jim Vandermeer 0 0 0 4 4 1 3 0 0 0 0/0 19:10 0:00 4:10
Matt Read 1 0 1 0 0 4 0 0 0 0 0/0 12:01 0:00 0:00
Patric Hornqvist 2 1 3 1 0 3 1 0 0 2 11/15 22:21 0:00 7:48
Ryan Keller 2 0 2 2 0 4 3 1 0 1 0/1 10:09 0:00 3:23
Shaun Heska 0 0 0 1 0 0 2 1 0 0 0/0 12:24 0:00 0:00
Staffan Kronwall 0 0 0 -1 0 1 2 2 1 2 0/0 26:54 0:00 8:15
Tim Jackman 2 0 2 2 0 3 0 0 0 1 0/2 12:39 0:00 0:00
Ville Koistinen 0 2 2 4 0 2 0 0 1 1 0/0 20:30 0:00 5:27
Players Stats for River Rats
Player Name G A P +/- PIM S H SB GA TA FO MP PP MP PK MP
------------------------------------------------------------------------------------
Andrej Meszaros 0 0 0 -3 0 0 0 0 0 1 0/0 27:30 8:52 0:00
Brett Maclean 0 1 1 1 0 2 1 0 0 0 1/1 14:38 0:06 0:00
Bryan Bickell 0 0 0 -2 0 2 0 0 2 0 0/0 11:15 0:00 0:00
Bryan Rodney 0 1 1 1 0 1 0 1 0 1 0/0 14:39 0:00 0:00
Chris Mcallister 0 1 1 -1 0 1 2 2 0 0 2/4 23:18 7:41 0:00
Dustin Boyd 1 0 1 -1 0 8 1 0 0 0 24/40 23:18 7:41 0:00
Jay Beagle 0 0 0 -2 0 4 1 0 0 1 0/2 12:39 0:00 0:00
Jonathan Ericsson 0 0 0 -3 0 3 1 0 1 0 0/0 27:30 8:52 0:00
Josh Gratton 0 0 0 -2 0 1 1 0 0 1 1/1 12:42 6:06 0:00
Josh Meyers 0 0 0 0 0 0 0 0 0 0 0/0 0:56 0:00 0:00
Kyle Chipchura 0 0 0 -1 0 0 1 0 0 0 0/1 5:58 0:00 0:00
Niklas Hjalmarsson 0 0 0 0 0 0 2 3 0 1 0/0 20:40 5:01 0:00
Peter Mueller 0 1 1 0 0 2 2 0 1 0 3/14 19:25 6:12 0:00
Ryan Reaves 0 0 0 -2 0 0 3 0 0 0 0/0 13:53 0:00 0:00
Sasha Pokulok 0 0 0 -2 0 1 0 1 1 0 0/0 17:30 5:01 0:00
Sergei Shirokov 0 1 1 -1 0 6 2 1 2 1 0/1 23:35 7:41 0:00
Trent Hunter 1 0 1 0 0 6 0 0 1 0 0/0 19:44 6:12 0:00
Tyler Bozak 1 0 1 -2 0 2 0 0 1 0 3/6 10:50 0:00 0:00
3 Stars
1 - Ryan Keller (Bro)
2 - Patric Hornqvist (Bro)
3 - Tim Jackman (Bro)
Power Play
Gangsters - 0 on 0 Attempt(s) - 0,00%
River Rats - 0 on 7 Attempt(s) - 0,00%
Penalty Kill
Gangsters - 7 on 7 Attempt(s) - 100,00%
- Score 1 goal in Penalty Kill
River Rats - 0 on 0 Attempt(s) - 0,00%
- Score 0 goal in Penalty Kill
Official
Referees : Sutherland Kelly and L'Ecuyer Frederick
Linesman : Darren Gibbs and Mark Shewchyk
Game Notes
Allen York enters game at 0:58 of 2nd period
Gangsters
5 vs 5 Forward
Center Left Wing Right Wing Time % Phy DF OF
1 Dave Steckel Jaroslav Balastik Patric Hornqvist 40 1 2 2
2 Byron Ritchie Igor Radulov Tim Jackman 30 1 2 2
3 Artem Anisimov Chris Bourque Matt Read 20 1 2 2
4 Brandon Sutter James Van Riemsdyk Ryan Keller 10 1 2 2
5 vs 5 Defense
Defense Defense Time % Phy DF OF
1 Staffan Kronwall Alexei Emelin 40 1 2 2
2 Ville Koistinen Jim Vandermeer 30 1 2 2
3 Shaun Heska Bryan Young 20 1 2 2
4 Staffan Kronwall Alexei Emelin 10 1 2 2
PowerPlay Forward
Center Left Wing Right Wing Time % Phy DF OF
1 Dave Steckel Jaroslav Balastik Patric Hornqvist 60 1 2 2
2 Byron Ritchie Igor Radulov Tim Jackman 40 1 2 2
PowerPlay Defense
Defense Defense Time % Phy DF OF
1 Staffan Kronwall Alexei Emelin 60 1 2 2
2 Ville Koistinen Jim Vandermeer 40 1 2 2
Penalty Kill 4 Players Forward
Center Wing Time % Phy DF OF
1 Patric Hornqvist Jaroslav Balastik 60 1 2 2
2 Dave Steckel Byron Ritchie 40 1 2 2
Penalty Kill 4 Players Defense
Defense Defense Time % Phy DF OF
1 Staffan Kronwall Alexei Emelin 60 1 2 2
2 Ville Koistinen Jim Vandermeer 40 1 2 2
Penalty Kill - 3 Players Forward
Forward Time % Phy DF OF
1 Patric Hornqvist 60 1 2 2
2 Jaroslav Balastik 40 1 2 2
Penalty Kill - 3 Players Defense
Defense Defense Time % Phy DF OF
1 Staffan Kronwall Alexei Emelin 60 1 2 2
2 Ville Koistinen Jim Vandermeer 40 1 2 2
4 vs 4 Forward
Center Wing Time % Phy DF OF
1 Patric Hornqvist Jaroslav Balastik 60 1 2 2
2 Dave Steckel Byron Ritchie 40 1 2 2
4 vs 4 Defense
Defense Defense Time % Phy DF OF
1 Staffan Kronwall Alexei Emelin 60 1 2 2
2 Ville Koistinen Jim Vandermeer 40 1 2 2
Last Minutes Offensive
Center Left Wing Right Wing Defense Defense
Dave Steckel Jaroslav Balastik Patric Hornqvist Staffan Kronwall Alexei Emelin
Last Minutes Defensive
Center Left Wing Right Wing Defense Defense
Dave Steckel Jaroslav Balastik Patric Hornqvist Staffan Kronwall Alexei Emelin
Goaltenders
Starting : Steve Valiquette
Backup : David LeNeveu
Extra Forwards
Normal : Matt Read, Chris Bourque, Ryan Keller - PP : Matt Read, Chris Bourque - PK : Ryan Keller
Extra Defensemen
Normal : Shaun Heska, Bryan Young, Ville Koistinen - PP : Shaun Heska - PK : Bryan Young, Ville Koistinen
Penalty Shots
Patric Hornqvist, Jaroslav Balastik, Dave Steckel, Byron Ritchie, Tim Jackman
River Rats
5 vs 5 Forward
Center Left Wing Right Wing Time % Phy DF OF
1 Dustin Boyd Chris Mcallister Sergei Shirokov 40 1 2 2
2 Peter Mueller Brett Maclean Trent Hunter 30 1 2 2
3 Tyler Bozak Bryan Bickell Jay Beagle 20 1 2 2
4 Kyle Chipchura Josh Gratton Ryan Reaves 10 1 2 2
5 vs 5 Defense
Defense Defense Time % Phy DF OF
1 Andrej Meszaros Jonathan Ericsson 40 1 2 2
2 Bryan Rodney Niklas Hjalmarsson 30 1 2 2
3 Ryan Reaves Sasha Pokulok 20 1 2 2
4 Niklas Hjalmarsson Bryan Rodney 10 1 2 2
PowerPlay Forward
Center Left Wing Right Wing Time % Phy DF OF
1 Dustin Boyd Chris Mcallister Sergei Shirokov 60 1 2 2
2 Peter Mueller Josh Gratton Trent Hunter 40 1 2 2
PowerPlay Defense
Defense Defense Time % Phy DF OF
1 Andrej Meszaros Jonathan Ericsson 60 1 2 2
2 Niklas Hjalmarsson Sasha Pokulok 40 1 2 2
Penalty Kill 4 Players Forward
Center Wing Time % Phy DF OF
1 Kyle Chipchura Sergei Shirokov 60 1 2 2
2 Dustin Boyd Chris Mcallister 40 1 2 2
Penalty Kill 4 Players Defense
Defense Defense Time % Phy DF OF
1 Andrej Meszaros Niklas Hjalmarsson 60 1 2 2
2 Bryan Rodney Jonathan Ericsson 40 1 2 2
Penalty Kill - 3 Players Forward
Forward Time % Phy DF OF
1 Kyle Chipchura 60 1 2 2
2 Sergei Shirokov 40 1 2 2
Penalty Kill - 3 Players Defense
Defense Defense Time % Phy DF OF
1 Jonathan Ericsson Niklas Hjalmarsson 60 1 2 2
2 Andrej Meszaros Sasha Pokulok 40 1 2 2
4 vs 4 Forward
Center Wing Time % Phy DF OF
1 Peter Mueller Sergei Shirokov 60 1 2 2
2 Dustin Boyd Chris Mcallister 40 1 2 2
4 vs 4 Defense
Defense Defense Time % Phy DF OF
1 Andrej Meszaros Niklas Hjalmarsson 60 1 2 2
2 Jonathan Ericsson Sasha Pokulok 40 1 2 2
Last Minutes Offensive
Center Left Wing Right Wing Defense Defense
Dustin Boyd Chris Mcallister Sergei Shirokov Andrej Meszaros Niklas Hjalmarsson
Last Minutes Defensive
Center Left Wing Right Wing Defense Defense
Dustin Boyd Chris Mcallister Sergei Shirokov Andrej Meszaros Niklas Hjalmarsson
Goaltenders
Starting : Jeff Glass
Backup : Allen York
Extra Forwards
Normal : Josh Gratton, Brett Maclean, Trent Hunter - PP : Josh Gratton, Brett Maclean - PK : Trent Hunter
Extra Defensemen
Normal : Jonathan Ericsson, Sasha Pokulok, Andrej Meszaros - PP : Bryan Rodney - PK : Sasha Pokulok, Andrej Meszaros
Penalty Shots
Sergei Shirokov, Peter Mueller, Dustin Boyd, Chris Mcallister, Josh Gratton
% Time on Ice - Gangsters
Lines # - Real PCT - Wanted PCT - Time Play
Normal Forward
1 - 32% - 40% - 14:50
2 - 28% - 30% - 12:41
3 - 26% - 20% - 12:01
4 - 14% - 10% - 6:35
Normal Defense
1 - 40% - 40% - 18:24
2 - 34% - 30% - 15:29
3 - 24% - 20% - 11:13
4 - 2% - 10% - 1:01
PP Forward
1 - 0% - 60%
2 - 0% - 40%
PP Defense
1 - 0% - 60%
2 - 0% - 40%
PK Forward
1 - 67% - 60% - 9:20
2 - 33% - 40% - 4:33
PK Defense
1 - 61% - 60% - 8:26
2 - 39% - 40% - 5:27
PK3 Forward
1 - 0% - 60%
2 - 0% - 40%
PK3 Defense
1 - 0% - 60%
2 - 0% - 40%
44 Forward
1 - 0% - 60%
2 - 0% - 40%
44 Defense
1 - 0% - 60%
2 - 0% - 40%
Last Minute Offensive - 0:00
Last Minute Defensive - 0:00
Total
Forward - 60:00
Defense - 60:00
|
% Time on Ice - River Rats
Lines # - Real PCT - Wanted PCT - Time Play
Normal Forward
1 - 34% - 40% - 15:37
2 - 30% - 30% - 13:59
3 - 23% - 20% - 10:50
4 - 12% - 10% - 5:41
Normal Defense
1 - 40% - 40% - 18:38
2 - 30% - 30% - 13:56
3 - 24% - 20% - 11:15
4 - 5% - 10% - 2:18
PP Forward
1 - 55% - 60% - 7:41
2 - 45% - 40% - 6:12
PP Defense
1 - 64% - 60% - 8:52
2 - 36% - 40% - 5:01
PK Forward
1 - 0% - 60%
2 - 0% - 40%
PK Defense
1 - 0% - 60%
2 - 0% - 40%
PK3 Forward
1 - 0% - 60%
2 - 0% - 40%
PK3 Defense
1 - 0% - 60%
2 - 0% - 40%
44 Forward
1 - 0% - 60%
2 - 0% - 40%
44 Defense
1 - 0% - 60%
2 - 0% - 40%
Last Minute Offensive - 0:00
Last Minute Defensive - 0:00
Total
Forward - 60:00
Defense - 60:00
|
Play by Play
1st period
0:01 of 1st period - Dave Steckel wins face-off versus Dustin Boyd in neutral zone.
0:05 of 1st period - Minor Penalty to Dave Steckel for High sticking.
0:06 of 1st period - Dustin Boyd wins face-off versus Patric Hornqvist in Gangsters zone.
1:29 of 1st period - Sergei Shirokov is hit by Byron Ritchie and loses puck.
2:05 of 1st period - Penalty to Dave Steckel is over, Dave Steckel is back on ice.
2:43 of 1st period - Tyler Bozak is hit by James Van Riemsdyk and loses puck.
4:41 of 1st period - Wrist shot by Matt Read.
4:41 of 1st period - Stopped by Jeff Glass with a rebound.
5:33 of 1st period - Wrist shot by Ryan Keller.
5:33 of 1st period - Deflect By Trent Hunter.
5:33 of 1st period - Stopped by Jeff Glass with a rebound.
5:35 of 1st period - Snap shot by James Van Riemsdyk.
5:35 of 1st period - Stopped by Jeff Glass with a rebound.
5:37 of 1st period - Wrist shot by Ryan Keller.
5:37 of 1st period - Stopped by Jeff Glass without a rebound.
5:38 of 1st period - Dave Steckel wins face-off versus Dustin Boyd in River Rats zone.
5:43 of 1st period - Wrist shot by Dave Steckel.
5:43 of 1st period - Shot Blocked by Sergei Shirokov.
5:45 of 1st period - Snap shot by Patric Hornqvist.
5:45 of 1st period - Goal by Patric Hornqvist - Gangsters : 1 - River Rats : 0.
5:46 of 1st period - Dustin Boyd wins face-off versus Dave Steckel in neutral zone.
5:53 of 1st period - Slapshot by Dustin Boyd.
5:53 of 1st period - Shot Blocked by Jaroslav Balastik.
5:57 of 1st period - Snap shot by Dustin Boyd.
5:57 of 1st period - Shot Misses the Net.
5:59 of 1st period - Wrist shot by Sergei Shirokov.
5:59 of 1st period - Stopped by Steve Valiquette with a rebound.
6:00 of 1st period - Minor Penalty to Jaroslav Balastik for Slashing.
6:01 of 1st period - Patric Hornqvist wins face-off versus Dustin Boyd in Gangsters zone.
6:17 of 1st period - Off-side.
6:18 of 1st period - Patric Hornqvist wins face-off versus Peter Mueller in neutral zone.
6:21 of 1st period - Wrist shot by Ryan Keller.
6:21 of 1st period - Goal by Ryan Keller - Gangsters : 2 - River Rats : 0.
6:22 of 1st period - Patric Hornqvist wins face-off versus Dustin Boyd in neutral zone.
6:25 of 1st period - Slapshot by Alexei Emelin.
6:25 of 1st period - Deflect By Patric Hornqvist.
6:25 of 1st period - Shot Misses the Net.
6:25 of 1st period - Puck is out of play.
6:26 of 1st period - Patric Hornqvist wins face-off versus Dustin Boyd in River Rats zone.
6:45 of 1st period - Sergei Shirokov is hit by Patric Hornqvist and loses puck.
7:06 of 1st period - Slapshot by Sergei Shirokov.
7:06 of 1st period - Stopped by Steve Valiquette with a rebound.
7:08 of 1st period - Slapshot by Jonathan Ericsson.
7:08 of 1st period - Stopped by Steve Valiquette with a rebound.
7:10 of 1st period - Slapshot by Dustin Boyd.
7:10 of 1st period - Stopped by Steve Valiquette with a rebound.
7:12 of 1st period - Snap shot by Jonathan Ericsson.
7:12 of 1st period - Shot Misses the Net.
7:14 of 1st period - Slapshot by Jonathan Ericsson.
7:14 of 1st period - Stopped by Steve Valiquette without a rebound.
7:15 of 1st period - Patric Hornqvist wins face-off versus Peter Mueller in Gangsters zone.
7:40 of 1st period - Ryan Keller is hit by Peter Mueller and loses puck.
8:00 of 1st period - Penalty to Jaroslav Balastik is over, Jaroslav Balastik is back on ice.
8:17 of 1st period - Slapshot by Chris Bourque.
8:17 of 1st period - Stopped by Jeff Glass with a rebound.
8:54 of 1st period - Brandon Sutter is hit by Ryan Reaves and loses puck.
9:20 of 1st period - Icing by Staffan Kronwall.
9:21 of 1st period - Peter Mueller wins face-off versus Byron Ritchie in Gangsters zone.
9:39 of 1st period - Icing by Jaroslav Balastik.
9:40 of 1st period - Dave Steckel wins face-off versus Tyler Bozak in Gangsters zone.
9:40 of 1st period - Dave Steckel is hit by Jay Beagle.
9:48 of 1st period - Slapshot by Patric Hornqvist.
9:48 of 1st period - Shot Misses the Net.
10:10 of 1st period - Wrist shot by Dustin Boyd.
10:10 of 1st period - Stopped by Steve Valiquette with a rebound.
10:12 of 1st period - Slapshot by Dustin Boyd.
10:12 of 1st period - Shot Misses the Net.
10:16 of 1st period - Wrist shot by Sergei Shirokov.
10:16 of 1st period - Stopped by Steve Valiquette with a rebound.
10:26 of 1st period - Brett Maclean is hit by Chris Bourque and loses puck.
10:46 of 1st period - Off-side.
10:47 of 1st period - Brett Maclean wins face-off versus Brandon Sutter in neutral zone.
11:12 of 1st period - Sergei Shirokov is hit by Alexei Emelin and loses puck.
11:23 of 1st period - Wrist shot by Patric Hornqvist.
11:23 of 1st period - Stopped by Jeff Glass with a rebound.
11:30 of 1st period - Icing by Andrej Meszaros.
11:31 of 1st period - Dustin Boyd wins face-off versus Tim Jackman in River Rats zone.
11:47 of 1st period - Wrist shot by Trent Hunter.
11:47 of 1st period - Stopped by Steve Valiquette without a rebound.
11:48 of 1st period - Dave Steckel wins face-off versus Dustin Boyd in Gangsters zone.
12:24 of 1st period - Wrist shot by Byron Ritchie.
12:24 of 1st period - Shot Blocked by Niklas Hjalmarsson.
12:26 of 1st period - Snap shot by Igor Radulov.
12:26 of 1st period - Stopped by Jeff Glass without a rebound.
12:27 of 1st period - Dustin Boyd wins face-off versus Artem Anisimov in River Rats zone.
12:51 of 1st period - Icing by Chris Bourque.
12:52 of 1st period - Dave Steckel wins face-off versus Peter Mueller in Gangsters zone.
13:00 of 1st period - Icing by Trent Hunter.
13:01 of 1st period - Dave Steckel wins face-off versus Peter Mueller in River Rats zone.
13:08 of 1st period - Wrist shot by Peter Mueller.
13:08 of 1st period - Stopped by Steve Valiquette without a rebound.
13:09 of 1st period - Dustin Boyd wins face-off versus Jaroslav Balastik in Gangsters zone.
13:16 of 1st period - Snap shot by Sergei Shirokov.
13:16 of 1st period - Shot Blocked by Alexei Emelin.
13:18 of 1st period - Snap shot by Dustin Boyd.
13:18 of 1st period - Stopped by Steve Valiquette with a rebound.
13:20 of 1st period - Wrist shot by Chris Mcallister.
13:20 of 1st period - Shot Blocked by Staffan Kronwall.
13:22 of 1st period - Snap shot by Dustin Boyd.
13:22 of 1st period - Stopped by Steve Valiquette with a rebound.
13:24 of 1st period - Wrist shot by Dustin Boyd.
13:24 of 1st period - Goal by Dustin Boyd - Gangsters : 2 - River Rats : 1.
13:25 of 1st period - Dave Steckel wins face-off versus Dustin Boyd in neutral zone.
13:30 of 1st period - Snap shot by Jaroslav Balastik.
13:30 of 1st period - Stopped by Jeff Glass without a rebound.
13:31 of 1st period - Dustin Boyd wins face-off versus Jaroslav Balastik in River Rats zone.
13:38 of 1st period - Slapshot by Dustin Boyd.
13:38 of 1st period - Stopped by Steve Valiquette with a rebound.
14:05 of 1st period - Minor Penalty to Artem Anisimov for Slashing.
14:06 of 1st period - Patric Hornqvist wins face-off versus Peter Mueller in Gangsters zone.
14:15 of 1st period - Patric Hornqvist is hit by Peter Mueller and loses puck.
14:20 of 1st period - Snap shot by Trent Hunter.
14:20 of 1st period - Stopped by Steve Valiquette without a rebound.
14:21 of 1st period - Dustin Boyd wins face-off versus Patric Hornqvist in Gangsters zone.
15:35 of 1st period - Trent Hunter is hit by Ryan Keller and loses puck.
16:05 of 1st period - Penalty to Artem Anisimov is over, Artem Anisimov is back on ice.
16:24 of 1st period - Tyler Bozak is hit by Chris Bourque and loses puck.
16:39 of 1st period - Slapshot by Tim Jackman.
16:39 of 1st period - Goal by Tim Jackman - Gangsters : 3 - River Rats : 1.
16:40 of 1st period - Dustin Boyd wins face-off versus Dave Steckel in neutral zone.
16:40 of 1st period - Dustin Boyd is hit by Staffan Kronwall.
16:48 of 1st period - Slapshot by Dustin Boyd.
16:48 of 1st period - Shot Misses the Net.
17:06 of 1st period - Andrej Meszaros is hit by Byron Ritchie and loses puck.
17:49 of 1st period - Wrist shot by Ryan Reaves.
17:49 of 1st period - Shot Blocked by Ryan Keller.
17:51 of 1st period - Slapshot by Chris Mcallister.
17:51 of 1st period - Stopped by Steve Valiquette without a rebound.
17:52 of 1st period - Dustin Boyd wins face-off versus Brandon Sutter in Gangsters zone.
17:53 of 1st period - Slapshot by Jonathan Ericsson.
17:53 of 1st period - Deflect By Dustin Boyd.
17:53 of 1st period - Stopped by Steve Valiquette without a rebound.
17:54 of 1st period - Dustin Boyd wins face-off versus Dave Steckel in Gangsters zone.
17:59 of 1st period - Wrist shot by Sergei Shirokov.
17:59 of 1st period - Deflect By Dustin Boyd.
17:59 of 1st period - Shot Misses the Net.
17:59 of 1st period - Puck is out of play.
18:00 of 1st period - Dave Steckel wins face-off versus Dustin Boyd in Gangsters zone.
18:32 of 1st period - Wrist shot by Brett Maclean.
18:32 of 1st period - Stopped by Steve Valiquette without a rebound.
18:33 of 1st period - Chris Mcallister wins face-off versus Byron Ritchie in Gangsters zone.
19:41 of 1st period - Wrist shot by Artem Anisimov.
19:41 of 1st period - Shot Misses the Net.
19:43 of 1st period - Slapshot by Staffan Kronwall.
19:43 of 1st period - Shot Misses the Net.
19:45 of 1st period - Slapshot by Alexei Emelin.
19:45 of 1st period - Deflect By Dustin Boyd.
19:45 of 1st period - Stopped by Jeff Glass without a rebound.
19:46 of 1st period - Brandon Sutter wins face-off versus Peter Mueller in River Rats zone.
2nd period
0:01 of 2nd period - Dustin Boyd wins face-off versus Patric Hornqvist in neutral zone.
0:58 of 2nd period - Snap shot by Ryan Keller.
0:58 of 2nd period - Goal by Ryan Keller - Gangsters : 4 - River Rats : 1.
0:58 of 2nd period - Allen York enters game.
0:59 of 2nd period - Dustin Boyd wins face-off versus Dave Steckel in neutral zone.
1:09 of 2nd period - Wrist shot by Dave Steckel.
1:09 of 2nd period - Shot Blocked by Niklas Hjalmarsson.
1:11 of 2nd period - Wrist shot by Alexei Emelin.
1:11 of 2nd period - Deflect By Dave Steckel.
1:11 of 2nd period - Shot Blocked by Chris Mcallister.
1:11 of 2nd period - Puck is out of play.
1:12 of 2nd period - Dave Steckel wins face-off versus Sergei Shirokov in River Rats zone.
1:21 of 2nd period - Wrist shot by Dustin Boyd.
1:21 of 2nd period - Stopped by Steve Valiquette without a rebound.
1:22 of 2nd period - Dustin Boyd wins face-off versus Dave Steckel in Gangsters zone.
1:23 of 2nd period - Backhand shot by Sergei Shirokov.
1:23 of 2nd period - Stopped by Steve Valiquette without a rebound.
1:24 of 2nd period - Dave Steckel wins face-off versus Dustin Boyd in Gangsters zone.
1:24 of 2nd period - Dave Steckel is hit by Dustin Boyd.
1:41 of 2nd period - Off-side.
1:42 of 2nd period - Peter Mueller wins face-off versus Igor Radulov in neutral zone.
1:51 of 2nd period - Backhand shot by Brett Maclean.
1:51 of 2nd period - Stopped by Steve Valiquette without a rebound.
1:52 of 2nd period - Byron Ritchie wins face-off versus Peter Mueller in Gangsters zone.
2:17 of 2nd period - Wrist shot by Trent Hunter.
2:17 of 2nd period - Stopped by Steve Valiquette without a rebound.
2:18 of 2nd period - Dustin Boyd wins face-off versus Dave Steckel in Gangsters zone.
2:31 of 2nd period - Wrist shot by Patric Hornqvist.
2:31 of 2nd period - Shot Blocked by Chris Mcallister.
2:33 of 2nd period - Slapshot by Dave Steckel.
2:33 of 2nd period - Shot Misses the Net.
3:14 of 2nd period - Slapshot by Igor Radulov.
3:14 of 2nd period - Shot Blocked by Sasha Pokulok.
3:28 of 2nd period - Sasha Pokulok is hit by Ryan Keller and loses puck.
3:49 of 2nd period - Snap shot by Tyler Bozak.
3:49 of 2nd period - Shot Blocked by Jaroslav Balastik.
3:55 of 2nd period - Sasha Pokulok is hit by Shaun Heska and loses puck.
4:08 of 2nd period - Slapshot by Sasha Pokulok.
4:08 of 2nd period - Deflect By Byron Ritchie.
4:08 of 2nd period - Stopped by Steve Valiquette without a rebound.
4:09 of 2nd period - Byron Ritchie wins face-off versus Peter Mueller in Gangsters zone.
4:17 of 2nd period - Snap shot by Igor Radulov.
4:17 of 2nd period - Stopped by Allen York without a rebound.
4:18 of 2nd period - Dustin Boyd wins face-off versus Dave Steckel in River Rats zone.
4:53 of 2nd period - Wrist shot by Tyler Bozak.
4:53 of 2nd period - Goal by Tyler Bozak - Gangsters : 4 - River Rats : 2.
4:54 of 2nd period - Byron Ritchie wins face-off versus Dustin Boyd in neutral zone.
5:17 of 2nd period - Ville Koistinen is hit by Chris Mcallister and loses puck.
5:27 of 2nd period - Minor Penalty to Jim Vandermeer for High sticking.
5:28 of 2nd period - Patric Hornqvist wins face-off versus Peter Mueller in Gangsters zone.
5:39 of 2nd period - Wrist shot by Trent Hunter.
5:39 of 2nd period - Shot Blocked by Staffan Kronwall.
5:43 of 2nd period - Slapshot by Josh Gratton.
5:43 of 2nd period - Stopped by Steve Valiquette without a rebound.
5:44 of 2nd period - Patric Hornqvist wins face-off versus Dustin Boyd in Gangsters zone.
6:13 of 2nd period - Jaroslav Balastik is hit by Josh Gratton and loses puck.
6:18 of 2nd period - Snap shot by Trent Hunter.
6:18 of 2nd period - Stopped by Steve Valiquette without a rebound.
6:19 of 2nd period - Patric Hornqvist wins face-off versus Dustin Boyd in Gangsters zone.
7:27 of 2nd period - Penalty to Jim Vandermeer is over, Jim Vandermeer is back on ice.
8:14 of 2nd period - Kyle Chipchura is hit by Staffan Kronwall and loses puck.
8:54 of 2nd period - Jay Beagle is hit by Jim Vandermeer and loses puck.
10:42 of 2nd period - Off-side.
10:43 of 2nd period - Dustin Boyd wins face-off versus Artem Anisimov in neutral zone.
10:54 of 2nd period - Wrist shot by Sergei Shirokov.
10:54 of 2nd period - Deflect By Chris Mcallister.
10:54 of 2nd period - Shot Misses the Net.
10:54 of 2nd period - Puck is out of play.
10:55 of 2nd period - Dave Steckel wins face-off versus Peter Mueller in Gangsters zone.
12:02 of 2nd period - Icing by Matt Read.
12:03 of 2nd period - Artem Anisimov wins face-off versus Kyle Chipchura in Gangsters zone.
12:08 of 2nd period - Niklas Hjalmarsson is hit by Dave Steckel.
12:44 of 2nd period - Tim Jackman is hit by Niklas Hjalmarsson.
13:02 of 2nd period - Wrist shot by Chris Bourque.
13:02 of 2nd period - Shot Misses the Net.
13:58 of 2nd period - Slapshot by Brett Maclean.
13:58 of 2nd period - Shot Blocked by Bryan Young.
13:59 of 2nd period - Minor Penalty to James Van Riemsdyk for Goalie Interference.
14:00 of 2nd period - Patric Hornqvist wins face-off versus Chris Mcallister in Gangsters zone.
14:13 of 2nd period - Slapshot by Sergei Shirokov.
14:13 of 2nd period - Stopped by Steve Valiquette without a rebound.
14:14 of 2nd period - Patric Hornqvist wins face-off versus Dustin Boyd in Gangsters zone.
14:25 of 2nd period - Andrej Meszaros is hit by Alexei Emelin and loses puck.
15:38 of 2nd period - Slapshot by Ville Koistinen.
15:38 of 2nd period - Deflect By Andrej Meszaros.
15:38 of 2nd period - Stopped by Allen York without a rebound.
15:39 of 2nd period - Dustin Boyd wins face-off versus Ryan Keller in River Rats zone.
15:59 of 2nd period - Penalty to James Van Riemsdyk is over, James Van Riemsdyk is back on ice.
16:10 of 2nd period - Wrist shot by Bryan Bickell.
16:10 of 2nd period - Stopped by Steve Valiquette without a rebound.
16:11 of 2nd period - Tyler Bozak wins face-off versus Byron Ritchie in Gangsters zone.
16:22 of 2nd period - Snap shot by Jay Beagle.
16:22 of 2nd period - Deflect By Tim Jackman.
16:22 of 2nd period - Stopped by Steve Valiquette with a rebound.
16:24 of 2nd period - Snap shot by Tyler Bozak.
16:24 of 2nd period - Stopped by Steve Valiquette with a rebound.
16:26 of 2nd period - Wrist shot by Bryan Bickell.
16:26 of 2nd period - Deflect By Jay Beagle.
16:26 of 2nd period - Stopped by Steve Valiquette with a rebound.
16:41 of 2nd period - Icing by Jim Vandermeer.
16:42 of 2nd period - Artem Anisimov wins face-off versus Chris Mcallister in Gangsters zone.
16:47 of 2nd period - Jim Vandermeer is hit by Sergei Shirokov and loses puck.
17:53 of 2nd period - Brett Maclean is hit by Shaun Heska and loses puck.
18:12 of 2nd period - Off-side.
18:13 of 2nd period - Byron Ritchie wins face-off versus Dustin Boyd in neutral zone.
18:24 of 2nd period - Snap shot by Sergei Shirokov.
18:24 of 2nd period - Stopped by Steve Valiquette with a rebound.
18:26 of 2nd period - Snap shot by Dustin Boyd.
18:26 of 2nd period - Shot Misses the Net.
18:28 of 2nd period - Slapshot by Bryan Rodney.
18:28 of 2nd period - Stopped by Steve Valiquette without a rebound.
18:29 of 2nd period - Tyler Bozak wins face-off versus Dave Steckel in Gangsters zone.
18:30 of 2nd period - Wrist shot by Jonathan Ericsson.
18:30 of 2nd period - Stopped by Steve Valiquette without a rebound.
18:31 of 2nd period - Dave Steckel wins face-off versus Tyler Bozak in Gangsters zone.
18:44 of 2nd period - Snap shot by Dave Steckel.
18:44 of 2nd period - Shot Misses the Net.
19:18 of 2nd period - Niklas Hjalmarsson is hit by Chris Bourque and loses puck.
19:37 of 2nd period - Brandon Sutter is hit by Niklas Hjalmarsson and loses puck.
3rd period
0:01 of 3rd period - Dustin Boyd wins face-off versus Dave Steckel in neutral zone.
0:28 of 3rd period - Wrist shot by Tim Jackman.
0:28 of 3rd period - Stopped by Allen York with a rebound.
0:30 of 3rd period - Wrist shot by Staffan Kronwall.
0:30 of 3rd period - Stopped by Allen York with a rebound.
0:46 of 3rd period - Snap shot by Matt Read.
0:46 of 3rd period - Stopped by Allen York without a rebound.
0:47 of 3rd period - Artem Anisimov wins face-off versus Tyler Bozak in River Rats zone.
0:54 of 3rd period - Snap shot by Matt Read.
0:54 of 3rd period - Stopped by Allen York with a rebound.
0:56 of 3rd period - Slapshot by Matt Read.
0:56 of 3rd period - Shot Blocked by Niklas Hjalmarsson.
0:58 of 3rd period - Slapshot by Ville Koistinen.
0:58 of 3rd period - Shot Blocked by Bryan Rodney.
1:06 of 3rd period - Tyler Bozak is hit by Jim Vandermeer.
1:18 of 3rd period - Snap shot by Matt Read.
1:18 of 3rd period - Shot Misses the Net.
1:20 of 3rd period - Slapshot by Ville Koistinen.
1:20 of 3rd period - Deflect By Bryan Rodney.
1:20 of 3rd period - Stopped by Allen York with a rebound.
1:22 of 3rd period - Snap shot by Jim Vandermeer.
1:22 of 3rd period - Shot Misses the Net.
1:24 of 3rd period - Wrist shot by Chris Bourque.
1:24 of 3rd period - Stopped by Allen York with a rebound.
1:26 of 3rd period - Snap shot by Ville Koistinen.
1:26 of 3rd period - Shot Misses the Net.
1:27 of 3rd period - Minor Penalty to Jim Vandermeer for Tripping.
1:28 of 3rd period - Jaroslav Balastik wins face-off versus Dustin Boyd in Gangsters zone.
1:28 of 3rd period - Jaroslav Balastik is hit by Sergei Shirokov.
1:38 of 3rd period - Wrist shot by Jaroslav Balastik.
1:38 of 3rd period - Shot Misses the Net.
1:54 of 3rd period - Andrej Meszaros is hit by Alexei Emelin and loses puck.
3:05 of 3rd period - Alexei Emelin is hit by Jonathan Ericsson and loses puck.
3:27 of 3rd period - Penalty to Jim Vandermeer is over, Jim Vandermeer is back on ice.
4:14 of 3rd period - Sasha Pokulok is hit by James Van Riemsdyk and loses puck.
4:44 of 3rd period - Icing by Ryan Reaves.
4:45 of 3rd period - Dave Steckel wins face-off versus Peter Mueller in River Rats zone.
4:57 of 3rd period - Sasha Pokulok is hit by Jaroslav Balastik and loses puck.
5:50 of 3rd period - Trent Hunter is hit by Ryan Keller and loses puck.
5:59 of 3rd period - Snap shot by James Van Riemsdyk.
5:59 of 3rd period - Shot Misses the Net.
6:11 of 3rd period - Slapshot by Andrej Meszaros.
6:11 of 3rd period - Shot Blocked by Shaun Heska.
7:01 of 3rd period - Dave Steckel is hit by Chris Mcallister and loses puck.
7:12 of 3rd period - Sasha Pokulok is hit by James Van Riemsdyk and loses puck.
8:25 of 3rd period - Staffan Kronwall is hit by Brett Maclean.
8:31 of 3rd period - Slapshot by Shaun Heska.
8:31 of 3rd period - Shot Misses the Net.
8:33 of 3rd period - Wrist shot by Dave Steckel.
8:33 of 3rd period - Stopped by Allen York without a rebound.
8:34 of 3rd period - Byron Ritchie wins face-off versus Jay Beagle in River Rats zone.
8:37 of 3rd period - Snap shot by Tim Jackman.
8:37 of 3rd period - Goal by Tim Jackman - Gangsters : 5 - River Rats : 2.
8:38 of 3rd period - Dave Steckel wins face-off versus Dustin Boyd in neutral zone.
8:41 of 3rd period - Snap shot by Alexei Emelin.
8:41 of 3rd period - Stopped by Allen York with a rebound.
9:27 of 3rd period - Kyle Chipchura is hit by Artem Anisimov and loses puck.
9:36 of 3rd period - Wrist shot by Matt Read.
9:36 of 3rd period - Shot Misses the Net.
10:34 of 3rd period - Slapshot by Shaun Heska.
10:34 of 3rd period - Shot Misses the Net.
10:40 of 3rd period - Shaun Heska is hit by Ryan Reaves and loses puck.
11:17 of 3rd period - Shaun Heska is hit by Ryan Reaves and loses puck.
11:23 of 3rd period - Icing by Byron Ritchie.
11:24 of 3rd period - Dustin Boyd wins face-off versus Tim Jackman in Gangsters zone.
11:29 of 3rd period - Snap shot by Chris Mcallister.
11:29 of 3rd period - Shot Misses the Net.
11:35 of 3rd period - Wrist shot by Dustin Boyd.
11:35 of 3rd period - Deflect By Chris Mcallister.
11:35 of 3rd period - Shot Misses the Net.
11:35 of 3rd period - Puck is out of play.
11:36 of 3rd period - Dustin Boyd wins face-off versus Dave Steckel in Gangsters zone.
12:01 of 3rd period - Andrej Meszaros is hit by Chris Bourque and loses puck.
12:07 of 3rd period - Off-side.
12:08 of 3rd period - Peter Mueller wins face-off versus Artem Anisimov in neutral zone.
12:25 of 3rd period - Wrist shot by Trent Hunter.
12:25 of 3rd period - Stopped by Steve Valiquette with a rebound.
12:27 of 3rd period - Slapshot by Trent Hunter.
12:27 of 3rd period - Shot Misses the Net.
12:31 of 3rd period - Wrist shot by Peter Mueller.
12:31 of 3rd period - Stopped by Steve Valiquette with a rebound.
12:33 of 3rd period - Snap shot by Trent Hunter.
12:33 of 3rd period - Goal by Trent Hunter - Gangsters : 5 - River Rats : 3.
12:34 of 3rd period - Dustin Boyd wins face-off versus Dave Steckel in neutral zone.
12:34 of 3rd period - Minor Penalty to Alexei Emelin for Hooking.
12:35 of 3rd period - Dustin Boyd wins face-off versus Patric Hornqvist in Gangsters zone.
14:34 of 3rd period - Penalty to Alexei Emelin is over, Alexei Emelin is back on ice.
14:38 of 3rd period - Slapshot by Jim Vandermeer.
14:38 of 3rd period - Stopped by Allen York with a rebound.
15:31 of 3rd period - Brett Maclean is hit by James Van Riemsdyk and loses puck.
15:38 of 3rd period - Jay Beagle is hit by Jim Vandermeer and loses puck.
16:05 of 3rd period - Dave Steckel is hit by Kyle Chipchura and loses puck.
16:22 of 3rd period - Off-side.
16:23 of 3rd period - Josh Gratton wins face-off versus Byron Ritchie in neutral zone.
16:34 of 3rd period - Slapshot by Byron Ritchie.
16:34 of 3rd period - Shot Misses the Net.
16:51 of 3rd period - Wrist shot by Bryan Bickell.
16:51 of 3rd period - Shot Misses the Net.
16:53 of 3rd period - Snap shot by Bryan Rodney.
16:53 of 3rd period - Deflect By Jay Beagle.
16:53 of 3rd period - Stopped by Steve Valiquette with a rebound.
16:55 of 3rd period - Snap shot by Bryan Bickell.
16:55 of 3rd period - Stopped by Steve Valiquette without a rebound.
16:56 of 3rd period - Tyler Bozak wins face-off versus Dave Steckel in Gangsters zone.
17:09 of 3rd period - Wrist shot by Jaroslav Balastik.
17:09 of 3rd period - Shot Misses the Net.
17:11 of 3rd period - Snap shot by Patric Hornqvist.
17:11 of 3rd period - Goal by Patric Hornqvist - Gangsters : 6 - River Rats : 3.
17:12 of 3rd period - Dustin Boyd wins face-off versus Dave Steckel in neutral zone.
17:57 of 3rd period - Snap shot by Josh Gratton.
17:57 of 3rd period - Deflect By Matt Read.
17:57 of 3rd period - Shot Misses the Net.
17:57 of 3rd period - Puck is out of play.
17:58 of 3rd period - Artem Anisimov wins face-off versus Jay Beagle in Gangsters zone.
18:25 of 3rd period - Jay Beagle is hit by Igor Radulov.
18:59 of 3rd period - Snap shot by Jay Beagle.
18:59 of 3rd period - Stopped by Steve Valiquette without a rebound.
19:00 of 3rd period - Dustin Boyd wins face-off versus Dave Steckel in Gangsters zone.
19:25 of 3rd period - Dustin Boyd is hit by Alexei Emelin and loses puck.
19:30 of 3rd period - Snap shot by Matt Read.
19:30 of 3rd period - Goal by Matt Read - Gangsters : 7 - River Rats : 3.
19:31 of 3rd period - Chris Mcallister wins face-off versus Dave Steckel in neutral zone.
Output by the SimonT Hockey Simulator (STHS) for François Prévost -- Original Page W3C XHTML 1.0 Valid